AoeStats
← Sparten gio

Black Forest

503765180Analyzed
4v4 RM · 1mo ago on Sep 2, 2026· 50m 1s· 8 players
Game mode
Random Map
Map size
Large (8 player)
Population
200
Speed
Normal
Resources
Standard
Victory
Conquest
Starting age
Dark Age
Ending age
Imperial Age
RankedLock teamsTeams togetherTeam positionsShared explorationLock speedFull tech treeHidden civsTurbo modeCheats
Victory
Defeat
🇲🇽 Khmer · Mexico
874
+12
🇲🇽 Lithuanians · Mexico
859
+13
🇲🇽 Portuguese · Mexico
835
+14
🇲🇽 Byzantines · Mexico
754
+18
🇺🇸 Poles · United States
847
-17
🇨🇳 Persians · China
777
-14
🇲🇽 Byzantines · Mexico
767
-13
🇺🇸 Wu · United States
765
-13
강해린
0:28 Loom
10:40 Feudal Age
11:10 Horse Collar
11:28 Double-Bit Axe
16:21 Gold Mining
16:22 Stone Mining
21:19 Castle Age
22:47 Stone Shaft Mining
22:28 Bow Saw
22:19 Heavy Plow
24:38 Wheelbarrow
25:05 Fletching
25:15 Padded Archer Armor
26:09 Gold Shaft Mining
28:13 Hand Cart
28:33 Bodkin Arrow
28:38 Town Watch
28:33 Pikeman
29:57 Leather Archer Armor
30:55 Red Cliffs Tactics
32:00 Squires
31:46 Arson
37:34 Imperial Age
35:22 Scale Mail Armor
37:02 Chain Mail Armor
38:11 Forging
38:11 Halberdier
42:14 Ballistics
43:03 Two-Man Saw
47:19 Sitting Tiger
47:25 Bracer
Sparten gio
1:33 Loom
12:50 Feudal Age
14:10 Double-Bit Axe
14:34 Horse Collar
22:55 Castle Age
22:09 Fishing Lines
26:55 Heavy Plow
29:17 Bow Saw
30:30 Forging
30:26 Scale Barding Armor
30:12 Fletching
30:35 Caravan
33:08 Iron Casting
32:54 Chain Barding Armor
32:29 Bodkin Arrow
36:17 Imperial Age
33:35 Town Watch
34:33 Wheelbarrow
34:38 Szlachta Privileges
35:27 Bloodlines
35:18 Husbandry
35:21 Squires
35:07 Arson
36:39 Cavalier
38:57 Blast Furnace
39:32 Conscription
yabin.belrojo
0:31 Loom
13:39 Feudal Age
15:53 Wheelbarrow
23:24 Castle Age
21:24 Gold Mining
21:20 Horse Collar
22:11 Double-Bit Axe
34:09 Imperial Age
33:45 Heavy Plow
35:14 Hand Cart
35:32 Crop Rotation
36:35 Chemistry
36:12 Bow Saw
40:46 Pikeman
41:37 Halberdier
43:48 Gold Shaft Mining
43:04 Stone Mining
43:16 Elite Cataphract
45:36 Conscription
45:59 Caravan
50:27 Two-Man Saw
Mysterious Cat
1:55 Loom
11:35 Feudal Age
12:24 Horse Collar
12:32 Double-Bit Axe
15:05 Wheelbarrow
22:57 Castle Age
21:26 Bloodlines
24:14 Scale Barding Armor
24:13 Heavy Plow
24:25 Bow Saw
24:26 Caravan
25:03 Gold Mining
25:03 Stone Mining
26:29 Husbandry
27:19 Hand Cart
29:56 Chain Barding Armor
37:41 Imperial Age
35:29 Town Watch
36:35 Ballistics
36:37 Forging
37:08 Gold Shaft Mining
36:26 Stone Mining
37:55 Town Patrol
38:57 Two-Man Saw
38:38 Crop Rotation
38:35 Guilds
38:07 Cavalier
38:47 Heavy Camel Rider
40:38 Conscription
41:56 Iron Casting
43:09 Elite War Elephant
44:58 Stone Shaft Mining
45:07 Plate Barding Armor
45:32 Blast Furnace
46:53 Cavalier
48:07 Savar
metalover13
0:32 Loom
2:01 Loom
12:40 Feudal Age
13:58 Wheelbarrow
13:11 Double-Bit Axe
14:06 Fishing Lines
20:02 Castle Age
20:28 Gold Mining
21:13 Gillnets
22:49 Hand Cart
22:54 Bow Saw
22:47 Pikeman
27:08 Forging
28:14 Fletching
31:31 Imperial Age
30:07 Bodkin Arrow
30:48 Iron Casting
31:00 Stone Mining
32:02 Murder Holes
32:20 Masonry
33:50 Chemistry
39:52 Halberdier
43:00 Blast Furnace
42:01 Scale Mail Armor
42:01 Bracer
44:41 Arquebus
50:02 Chain Mail Armor
Titanjosh11
12:43 Feudal Age
15:02 Double-Bit Axe
20:53 Castle Age
23:51 Wheelbarrow
23:38 Fishing Lines
24:59 Gillnets
29:02 Imperial Age
26:26 Horse Collar
27:13 Bow Saw
29:09 Scale Barding Armor
30:48 Conscription
30:50 Chain Barding Armor
30:44 Bloodlines
31:55 Plate Barding Armor
31:26 Husbandry
31:39 Gold Mining
32:53 Forging
32:57 Heavy Plow
33:58 Iron Casting
35:12 Hand Cart
35:08 Fletching
37:39 Ballistics
37:50 Bodkin Arrow
39:32 Chemistry
40:24 Two-Man Saw
39:06 Elite Leitis
39:14 Elite Skirmisher
40:06 Treadmill Crane
41:45 Bracer
42:49 Padded Archer Armor
47:43 Masonry
Hurakan_Rush
3:10 Loom
13:54 Feudal Age
14:33 Horse Collar
14:40 Double-Bit Axe
16:36 Wheelbarrow
22:47 Castle Age
22:40 Stone Mining
23:47 Hand Cart
23:49 Bow Saw
24:00 Caravan
25:07 Stone Shaft Mining
24:26 Gold Mining
24:41 Heavy Plow
27:43 Gold Shaft Mining
32:22 Imperial Age
31:36 Town Watch
33:23 Town Patrol
34:07 Conscription
34:33 Bloodlines
34:28 Light Cavalry
35:33 Husbandry
35:34 Hussar
37:02 Scale Barding Armor
39:26 Chemistry
38:47 Ballistics
39:00 Chain Barding Armor
44:25 Coinage
44:36 Pikeman
45:27 Halberdier
48:32 Double Crossbow
49:47 Padded Archer Armor
49:50 Scale Mail Armor
50:01 Forging
50:24 Arson
calacasta
0:40 Loom
15:45 Feudal Age
17:37 Wheelbarrow
16:48 Double-Bit Axe
16:56 Gold Mining
18:39 Stone Mining
19:40 Horse Collar
26:17 Castle Age
27:25 Hand Cart
27:22 Bow Saw
27:13 Heavy Plow
27:50 Gold Shaft Mining
30:02 Caravan
30:33 Coinage
30:42 Stone Shaft Mining
31:22 Fortified Wall
30:53 Treadmill Crane
32:12 Murder Holes
32:40 Ballistics
34:10 Forging
36:05 Iron Casting
35:34 Scale Mail Armor
37:26 Chain Mail Armor
41:47 Imperial Age
39:39 Scale Barding Armor
39:24 Gambesons
39:47 Squires
40:01 Arson
40:06 Pikeman
40:40 Man-at-Arms
42:14 Halberdier
43:44 Plate Mail Armor
43:42 Long Swordsman
44:25 Husbandry
46:11 Conscription
47:05 Chain Barding Armor
48:01 Two-Handed Swordsman
49:42 Champion
Connection lost

Rejoining the realm…

Still unreachable

The connection could not be restored.

Session expired

The server has moved on; the page needs a fresh start.